 Dungeon Crawl Stone Soup version 0.16-a0-3202-g5da3999 (webtiles) character file.

968 Malachi the Sneak (level 7, -5/45 HPs)
             Began as a High Elf Enchanter on Dec 18, 2014.
             Was a Believer of Dithmenos.
             Killed from afar by a steam dragon (22 damage)
             ... with a ball of steam
             ... on level 5 of the Dungeon.
             The game lasted 00:15:59 (5607 turns).

Malachi the Sneak (High Elf Enchanter)              Turns: 5607, Time: 00:15:59

Health: -5/45      AC:  6    Str:  7    XL:     7   Next: 93%
Magic:  15/19      EV: 14    Int: 21    God:    Dithmenos [**....]
Gold:   203        SH:  0    Dex: 16    Spells: 2 memorised, 7 levels left

rFire  . . .     SeeInvis .     j - +5 dagger (venom)
rCold  . . .     Clarity  .     o - +0 leather armour
rNeg   . . .     SustAb   .     (no shield)
rPois  .         Gourm    .     u - +0 helmet
rElec  .         Spirit   .     (no cloak)
rCorr  .         Warding  .     (no gloves)
rMut   .         Stasis   .     (no boots)
MR     .....                    (no amulet)
Stlth  ++++......               (no ring)
                                n - +2 ring of protection

@: very slightly contaminated, wreathed by umbra, not resistant to hostile
enchantments, stealthy
A: no striking features
a: Shadow Step, Renounce Religion


You were on level 5 of the Dungeon.
You worshipped Dithmenos.
Dithmenos was pleased with you.
You were hungry.

You visited 1 branch of the dungeon, and saw 5 of its levels.

You collected 203 gold pieces.

Inventory:

Hand weapons
 a - a +1 dagger
 j - a +5 dagger of venom (weapon)
 p - a +1 hunting sling of evasion
Missiles
 q - 11 stones (quivered)
Armour
 b - a +2 robe
 o - a +0 leather armour (worn)
 t - a +2 animal skin
 u - a +0 helmet (worn)
Jewellery
 n - a +2 ring of protection (left hand)
 y - an uncursed ring of fire
Magical devices
 r - a wand of teleportation (1)
 s - a wand of polymorph (8)
Scrolls
 v - 4 scrolls of identify
 w - a scroll of recharging
 x - 2 scrolls of teleportation
 A - a scroll of enchant armour
Potions
 e - a potion of degeneration {unknown}
 f - 2 potions of curing
 i - a potion of haste {unknown}
 k - 2 potions of might {unknown}
 z - a potion of heal wounds {unknown}
 B - a potion of restore abilities {unknown}
 D - a potion of brilliance {unknown}
Books
 c - a book of Maledictions

   Spells                             Type                      Level
   a - Corona                         Hexes                        1
   b - Sure Blade                     Hexes/Charms                 2
   c - Ensorcelled Hibernation        Hexes/Ice                    2
   d - Confuse                        Hexes                        3
   e - Dazzling Spray                 Conjuration/Hexes            3
   f - Enslavement                    Hexes                        4
Comestibles
 d - 3 bread rations
 g - 9 fruits
 h - 3 beef jerkies
 m - 3 meat rations
 C - a royal jelly


   Skills:
 + Level 2.5 Fighting
 + Level 3.7 Short Blades
 + Level 2.1 Armour
 + Level 4.7 Dodging
 * Level 7.4 Stealth
 + Level 3.3 Spellcasting
 + Level 3.9 Hexes
 + Level 0.6 Ice Magic


You had 7 spell levels left.
You knew the following spells:

 Your Spells              Type           Power        Failure   Level  Hunger
a - Ensorcelled Hibernat  Hex/Ice        ##....       10%         2    ##.....
b - Confuse               Hex            ###.....     10%         3    ###....


Dungeon Overview and Level Annotations

Branches:
Dungeon (5/15)
 Temple: D:4-7

Altars:
Ashenzari
Dithmenos
Fedhas
Nemelex Xobeh
Okawaru
Qazlal
Trog
Yredelemnul

Annotations:
D:2 exclusion: oklob plant


Message History

The steam dragon is heavily wounded.
You are engulfed in a cloud of scalding steam.
You closely miss the steam dragon.
The steam dragon is severely wounded.
You are engulfed in a cloud of scalding steam.
The steam dragon barely misses you. The steam dragon closely misses you.
You closely miss the steam dragon.
The steam dragon is severely wounded.
The steam dragon breathes steam at you. The ball of steam misses you.
You hit the steam dragon.
The steam dragon is severely wounded.
You are engulfed in a cloud of scalding steam.
The steam dragon barely misses you. The steam dragon closely misses you.
You hit the steam dragon.
The steam dragon is almost dead.
You are engulfed in a cloud of scalding steam.
The steam dragon breathes steam at you. The ball of steam hits you!
You die...

......≈≈".......+....#..
.......≈≈).......+....#..
≈≈≈≈≈≈....≈≈≈≈≈≈≈#....+.#
≈≈≈≈≈≈≈..≈≈≈≈≈≈≈≈#....#..
≈≈≈≈≈≈≈..≈≈≈≈≈≈≈≈#.......
≈≈≈≈≈≈≈..≈≈≈≈≈≈≈##.......
#≈≈≈≈≈≈..≈≈≈≈≈≈###...#...
##≈≈≈≈≈..§§§≈≈## #.(.##..
##≈≈≈≈D@§≈§≈## #...##.#
##≈≈≈.÷≈§§## ######.#
####)'##############.#
##).####............
###########..###.............#
#............# #..>..........#
#............# #.............#
#............###.............#
#........)..÷................#


You could see a steam dragon.

Vanquished Creatures
  An ogre (D:4)
  A scorpion (D:4)
  A wight (D:5)
  A crimson imp (D:5)
  6 orc wizards
  An iguana (D:5)
  Natasha (D:4)
  6 orc priests
  6 worker ants
  Robin (D:2)
  A gnoll (D:5)
  8 adders
  A shadow imp (D:4)
  A giant mite (D:3)
  7 worms
  An adder skeleton (D:5)
  A giant gecko (D:2)
  15 orcs
  2 ball pythons
  6 bats
  5 giant cockroaches
  16 goblins
  11 hobgoblins
  2 jackals (D:3)
  A giant newt (D:1)
  A jackal skeleton (D:4)
  12 kobolds
  A quokka (D:5)
  8 rats
125 creatures vanquished.

Vanquished Creatures (others)
  Natasha (D:4)
  5 toadstools (D:1)
6 creatures vanquished.

Grand Total: 131 creatures vanquished

Notes
Turn   | Place    | Note
--------------------------------------------------------------
     0 | D:1      | Malachi, the High Elf Enchanter, began the quest for the Orb.
     0 | D:1      | Reached XP level 1. HP: 11/11 MP: 4/4
   765 | D:1      | Reached XP level 2. HP: 12/17 MP: 4/6
  1549 | D:2      | Reached XP level 3. HP: 13/21 MP: 8/8
  1704 | D:2      | Reached skill level 4 in Stealth
  1739 | D:2      | Found a blossoming altar of Fedhas.
  1764 | D:2      | Noticed an oklob plant
  1916 | D:2      | Noticed Robin
  2096 | D:2      | Learned a level 2 spell: Ensorcelled Hibernation
  2210 | D:2      | Reached XP level 4. HP: 20/27 MP: 11/11
  2434 | D:2      | Killed Robin
  3029 | D:3      | Reached skill level 1 in Fighting
  3165 | D:3      | Found a shadowy altar of Dithmenos.
  3201 | D:3      | Became a worshipper of Dithmenos the Shadowed
  3260 | D:3      | Reached XP level 5. HP: 33/33 MP: 13/13
  3563 | D:3      | Reached skill level 1 in Armour
  3777 | D:4      | Found a stormy altar of Qazlal.
  3789 | D:4      | Found a shattered altar of Ashenzari.
  3829 | D:4      | Reached skill level 5 in Stealth
  3930 | D:4      | Reached XP level 6. HP: 18/39 MP: 12/15
  4497 | D:4      | Reached skill level 6 in Stealth
  4545 | D:4      | Noticed Natasha
  4566 | D:4      | Killed Natasha
  4598 | D:4      | Killed Natasha
  4613 | D:4      | Reached XP level 7. HP: 45/45 MP: 15/18
  5010 | D:5      | Entered Level 5 of the Dungeon
  5049 | D:5      | Learned a level 3 spell: Confuse
  5260 | D:5      | Found a basalt altar of Yredelemnul.
  5260 | D:5      | Found a sparkling altar of Nemelex Xobeh.
  5270 | D:5      | Found a bloodstained altar of Trog.
  5270 | D:5      | Found an iron altar of Okawaru.
  5311 | D:5      | Reached skill level 7 in Stealth
  5360 | D:5      | Acquired Dithmenos' first power
  5607 | D:5      | Killed from afar by a steam dragon

Action                   |  1- 3 |  4- 6 |  7- 9 || total
-------------------------+-------+-------+-------++-------
Melee: Dagger            |    98 |   179 |    85 ||   362
 Cast: Corona            |    11 |       |       ||    11
       Ensorcelled Hiber |       |     3 |     7 ||    10
       Confuse           |       |       |     4 ||     4
  Use: Scroll            |     7 |     6 |     2 ||    15
 Stab: Sleeping          |     4 |     5 |     4 ||    13
       Distracted        |       |     1 |       ||     1
  Eat: Chunk             |     4 |     8 |     3 ||    15
